AoeStats
← EmptyJet7586

Nomad

510376558Analyzed
4v4 RM · 2d ago on Sep 30, 2026· 46m 27s· 8 players
Game mode
Random Map
Map size
231×231
Population
200
Speed
Normal
Resources
Standard
Victory
Conquest
Starting age
Dark Age
Ending age
Imperial Age
RankedLock teamsTeams togetherTeam positionsShared explorationLock speedFull tech treeHidden civsTurbo modeCheats
Victory
Defeat
🇬🇧 Mongols · United Kingdom
954
+14
🇲🇹 Bulgarians · Malta
945
+44
🇸🇪 Bohemians · Sweden
932
+15
🇸🇪 Berbers · Sweden
913
+16
🇹🇷 Huns · Türkiye
987
-51
🇹🇷 Khmer · Türkiye
908
-15
🇲🇽 Varangians · Mexico
892
-14
🇨🇳 Lithuanians · China
868
-13
blankityblanko
5:13 Loom
13:19 Feudal Age
14:35 Double-Bit Axe
19:56 Castle Age
19:16 Stone Mining
20:22 Fishing Lines
21:44 Bow Saw
24:18 Gold Mining
25:17 Wheelbarrow
26:30 Padded Archer Armor
27:33 Fletching
31:46 Bodkin Arrow
32:07 Leather Archer Armor
33:27 Ballistics
37:07 Horse Collar
44:03 Imperial Age
42:29 Gold Shaft Mining
42:30 Stone Shaft Mining
45:52 Chemistry
46:58 Conscription
47:20 Hoardings
46:06 Elite Mangudai
Bolle
5:21 Loom
21:58 Feudal Age
23:36 Wheelbarrow
22:46 Town Watch
22:49 Double-Bit Axe
22:46 Horse Collar
27:27 Castle Age
26:18 Arson
26:49 Forging
26:40 Scale Mail Armor
26:31 Fletching
26:56 Padded Archer Armor
28:39 Hand Cart
28:04 Pikeman
29:17 Squires
30:15 Bow Saw
32:53 Chemistry
31:31 Elite Skirmisher
33:27 Wagenburg Tactics
35:45 Masonry
37:08 Iron Casting
36:49 Leather Archer Armor
40:41 Chain Mail Armor
41:03 Ballistics
44:56 Imperial Age
45:05 Heavy Plow
44:59 Houfnice
45:24 Capped Ram
Maguzztern
4:12 Loom
13:48 Feudal Age
14:19 Horse Collar
15:43 Wheelbarrow
15:02 Double-Bit Axe
19:17 Padded Archer Armor
19:16 Fletching
20:13 Gold Mining
26:33 Castle Age
26:43 Crossbowman
27:29 Thumb Ring
30:36 Heavy Plow
30:47 Bow Saw
31:14 Gold Shaft Mining
33:45 Hand Cart
37:21 Leather Archer Armor
37:01 Bodkin Arrow
37:30 Heated Shot
40:26 Ballistics
40:11 Stone Mining
40:40 Murder Holes
44:23 Imperial Age
44:38 Masonry
44:40 Fortified Wall
44:20 Town Watch
45:14 Stone Shaft Mining
45:25 Conscription
45:08 Kasbah
45:12 Maghrebi Camels
44:41 Elite Camel Archer
47:07 Chemistry
47:21 Ring Archer Armor
46:51 Bracer
EmptyJet7586
5:09 Loom
22:08 Feudal Age
25:10 Padded Archer Armor
28:08 Town Watch
28:59 Wheelbarrow
34:03 Double-Bit Axe
40:33 Castle Age
NordicPain
3:57 Loom
15:15 Feudal Age
20:58 Castle Age
28:33 Double-Bit Axe
29:39 Horse Collar
29:50 Light Cavalry
33:16 Wheelbarrow
35:43 Heavy Plow
36:04 Bow Saw
36:26 Bloodlines
37:20 Stone Mining
37:21 Gold Mining
37:55 Hand Cart
37:28 Town Watch
40:04 Husbandry
41:08 Gambesons
41:24 Squires
43:58 Imperial Age
42:28 Forging
42:19 Scale Mail Armor
45:12 Conscription
44:13 Gothikon
45:54 Crop Rotation
46:29 Two-Man Saw
Freddy Ferdinant
18:26 Feudal Age
19:07 Loom
19:57 Wheelbarrow
19:40 Horse Collar
19:49 Double-Bit Axe
26:03 Castle Age
25:38 Fletching
25:48 Padded Archer Armor
27:15 Thumb Ring
28:02 Bodkin Arrow
30:28 Bloodlines
30:19 Husbandry
31:28 Hand Cart
31:20 Light Cavalry
33:54 Leather Archer Armor
37:42 Forging
37:38 Scale Barding Armor
40:22 Stone Mining
40:45 Bow Saw
40:39 Heavy Plow
41:49 Gold Mining
43:37 Elite Skirmisher
yulaf
5:27 Loom
15:16 Feudal Age
21:14 Man-at-Arms
24:26 Fletching
25:13 Padded Archer Armor
34:55 Castle Age
40:12 Double-Bit Axe
42:05 Wheelbarrow
69279406
15:56 Feudal Age
16:50 Double-Bit Axe
20:15 Fishing Lines
28:02 Castle Age
29:06 Gillnets
29:34 Husbandry
30:23 Thumb Ring
33:45 Wheelbarrow
34:15 Bow Saw
37:19 Elite Skirmisher
39:47 Treadmill Crane
40:28 Hand Cart
43:21 Hand Cart
Connection lost

Rejoining the realm…

Still unreachable

The connection could not be restored.

Session expired

The server has moved on; the page needs a fresh start.